 Dungeon Crawl Stone Soup version 0.24.0-28-g17ded55e90 (webtiles) character file.

Game seed: 13836565331354819792, levelgen mode: deterministic

3798 Descartes the Martial Artist (level 10, -10/47 HPs)
             Began as a Vine Stalker Monk on Nov 12, 2019.
             Was a Priest of Vehumet.
             Engulfed by an ice statue's freezing vapour (14 damage)
             ... on level 8 of the Dungeon.
             The game lasted 00:23:09 (6775 turns).

Descartes the Martial Artist (Vine Stalker Monk)    Turns: 6775, Time: 00:23:10

Health: -10/47     AC: 14    Str: 14    XL:     10   Next: 16%
Magic:  0/19       EV:  7    Int: 10    God:    Vehumet [***...]
Gold:   454        SH: 14    Dex: 22    Spells: 17/20 levels left

rFire    . . .     SeeInvis .     - Unarmed
rCold    . . .     Gourm    .   w - +0 large shield
rNeg     . . .     Faith    .   G - +2 scale mail {rPois}
rPois    +         Spirit   +   H - +2 helmet
rElec    .         Reflect  .   (no cloak)
rCorr    .         Harm     .   a - +0 pair of gloves
MR       +....                  y - +0 pair of boots
Stlth    ++........             h - amulet of regeneration
HPRegen  1.35/turn              U - ring of stealth
MPRegen  0.16/turn              V - +4 ring of dexterity

@: no status effects
A: fangs 3, sense surroundings 1, regeneration 2, weak 1, magic shield,
antimagic bite, no potion heal 3, rot immunity
a: Renounce Religion


You were on level 8 of the Dungeon.
You worshipped Vehumet.
Vehumet was most pleased with you.
You were not hungry.

You visited 2 branches of the dungeon, and saw 9 of its levels.
You also visited: Ossuary.

You collected 454 gold pieces.

Inventory:

Hand Weapons
 m - a +1 dagger of venom
 F - the +5 trident "Luxtuoss" {freeze, Dex+4 Stlth+}
   (You found it on level 4 of the Dungeon)

   It has been specially enchanted to freeze those struck by it, causing extra
   injury to most foes and up to half again as much damage against particularly
   susceptible opponents.
   It can also slow down cold-blooded creatures.
   It affects your dexterity (+4).
   It makes you more stealthy.
 L - a +3 great sword of freezing
 M - a +4 mace of freezing
 Q - a +3 morningstar
Missiles
 g - 169 arrows
 k - 39 poisoned darts
 l - 277 stones (quivered)
 t - 9 boomerangs
 u - 38 bolts
 v - 3 boomerangs of dispersal
 S - 58 sling bullets
Armour
 a - a +0 pair of gloves (worn)
 w - a +0 large shield (worn)
 y - a +0 pair of boots (worn)
 z - a +2 leather armour of fire resistance
 G - a +2 scale mail of poison resistance (worn)
 H - a +2 helmet (worn)
 N - the +0 robe of Fashionability {+Inv rPois rF-}
   (You found it on level 6 of the Dungeon)

   It makes you vulnerable to fire.
   It protects you from poison.
   It lets you turn invisible.
Jewellery
 h - an amulet of regeneration (around neck)
 U - a ring of stealth (left hand)
 V - a +4 ring of dexterity (right hand)
Wands
 r - a wand of random effects (25)
 x - a wand of flame (10)
 E - a wand of enslavement (5)
Scrolls
 e - 2 scrolls of blinking
 j - a scroll of enchant weapon
 n - 8 scrolls of remove curse
 p - 5 scrolls of teleportation
 s - 2 scrolls of fear
 D - a scroll of fog
 I - 3 scrolls of amnesia
 T - a scroll of enchant armour {unknown}
Potions
 c - 2 potions of ambrosia
 d - a potion of haste
 f - 2 potions of lignification
 i - a potion of cancellation
 o - 2 potions of agility
 q - a potion of magic
 A - a potion of resistance
 C - 3 potions of curing
 J - a potion of brilliance
 K - 5 potions of flight
Comestibles
 b - 11 rations
 P - a chunk of flesh


   Skills:
 - Level 2.6 Fighting
 + Level 4.1 Armour
 - Level 2.4 Dodging
 - Level 2.4 Stealth
 + Level 5.0 Shields
 * Level 9.3 Unarmed Combat
 + Level 5.9 Spellcasting
 - Level 5.0 Evocations


You had 17 spell levels left.
You knew the following spells:

 Your Spells              Type           Power        Failure   Level  Hunger
a - Magic Dart            Conj           #...         93%         1    None
b - Throw Frost           Conj/Ice       #.....       98%         2    ##.....

Your spell library contained the following spells:

 Spells                   Type           Power        Failure   Level  Hunger
 Flame Tongue             Conj/Fire      #....        93%         1    None
 Throw Flame              Conj/Fire      #.....       98%         2    ##.....
 Conjure Flame            Conj/Fire      #.......     99%         3    ###....
 Dazzling Spray           Conj/Hex       #.....       99%         3    ###....
 Inner Flame              Hex/Fire       #.......     99%         3    ###....
 Corona                   Hex            #......      100%        1    None
 Ensorcelled Hibernation  Hex/Ice        #.....       100%        2    ##.....
 Confuse                  Hex            #.......     100%        3    ###....
 Tukima's Dance           Hex            #.......     100%        3    ###....
 Sticky Flame             Conj/Fire      #.......     100%        4    ####...
 Fireball                 Conj/Fire      #.........   100%        5    ######.


Dungeon Overview and Level Annotations

Branches:
Dungeon (8/15)             Temple (1/1) D:6         Ossuary (visited)
   Lair: D:8-11

Altars:
Ashenzari
Dithmenos
Elyvilon
Fedhas
Gozag
Hepliaklqana
Kikubaaqudgha
Makhleb
Nemelex Xobeh
Okawaru
Qazlal
Ru
Sif Muna
Trog
Uskayaw
Vehumet
Wu Jian
Xom
Yredelemnul
Zin
The Shining One

Shops:
D:7 %

Annotations:
D:8 exclusion: ice statue


Innate Abilities, Weirdness & Mutations

You have razor-sharp teeth.
You heal very quickly.
When hurt, damage is shared between your health and your magic reserves.
Your bite disrupts and absorbs the magic of your enemies.
Potions cannot restore your health.
You are immune to rotting.
You passively map a small area around you.
You are weak. (Str -2)


Message History

The ice statue is severely damaged.
You block the ice beast's attack. The ice statue gestures at you.
The freezing blast engulfs you but does no damage.
The ice beast hits you but does no damage.
You hit the ice statue but do no damage.
You bite the ice statue, but do no damage.
The ice statue is severely damaged.
You are engulfed in freezing vapours.
The ice statue gestures at you. The freezing blast engulfs you.
The ice beast hits you but does no damage.
The ice statue gestures at you. The bolt of cold hits you!!
* * * LOW HITPOINT WARNING * * *
You hit the ice statue but do no damage.
You bite the ice statue, but do no damage.
The ice statue is severely damaged.
You are engulfed in freezing vapours.
You die...

........# # * #.######## #.#
........# **#....)...# #.#
........# , ########.# #.#
###.#+### , #.# #.# #...# ,, ##
#.# #.# ##..# ,, ,,##?## #.#
#.# #..# , ##...## #.# #.#
###.##,,, ##☼Y8.!# #.# #.###
#....##, ##.☼@○.######.# #.#..
#.....## ##..○○☼##......# #.#.#
#......###..○..###.###### #.#.#
#....#........## #.# #.#.#
#....##........# #.# #.#.#
#....###......## #.########.#.#
#...........<..# #..........#.#
#..............##############.#
#..............>..............#


You could see an ice statue and an ice beast.

Vanquished Creatures
  Prince Ribbit (D:6)
  A hippogriff (D:7)
  Sigmund (D:4)
  Eustachio (D:4)
  A wraith (Ossuary)
  Menkaure (D:6)
  3 black bears (D:6)
  An orc warrior (D:6)
  2 ice beasts
  3 centaurs
  4 ogres
  A wyvern skeleton (D:8)
  A water moccasin skeleton (D:6)
  A scorpion (D:8)
  4 howler monkeys (D:7)
  8 wights
  2 centaur zombies
  2 crimson imps
  5 hounds
  4 orc priests
  A bullfrog skeleton (D:6)
  8 orc wizards
  5 worker ants
  2 iguanas
  A mummy (Ossuary)
  8 adders
  A shadow imp (D:7)
  3 oozes
  An adder skeleton (D:5)
  4 worms
  2 dart slugs
  5 leopard geckos
  32 orcs
  A ball python (D:5)
  4 giant cockroaches
  3 goblins (D:1)
  5 hobgoblins
  13 jackals
  6 kobolds
  2 quokkas
  5 bats
  4 frilled lizards
  9 gnoll skeletons (Ossuary)
  9 kobold skeletons (Ossuary)
  7 orc skeletons (Ossuary)
  A quokka skeleton (D:4)
  4 rats
193 creatures vanquished.

Vanquished Creatures (others)
  An orc wizard (D:6)
  2 plants (D:6)
3 creatures vanquished.

Grand Total: 196 creatures vanquished

Notes
Turn   | Place    | Note
-------+----------+-------------------------------------------
     0 | D:1      | Descartes the Vine Stalker Monk began the quest for the
                  | Orb.
     0 | D:1      | Reached XP level 1. HP: 11/11 MP: 2/2
   415 | D:1      | Reached XP level 2. HP: 13/16 MP: 2/4
   664 | D:1      | Reached skill level 1 in Spellcasting
   965 | D:2      | Reached XP level 3. HP: 14/19 MP: 4/6
  1325 | D:2      | Reached skill level 4 in Unarmed Combat
  1565 | D:2      | Found a shimmering blue altar of Sif Muna.
  1566 | D:2      | Found a burning altar of Makhleb.
  1568 | D:2      | Found a glowing golden altar of the Shining One.
  1624 | D:2      | Gained mutation: Your natural rate of healing is unusually
                  | fast. [Vine Stalker growth]
  1624 | D:2      | Reached XP level 4. HP: 23/23 MP: 7/7
  2718 | D:3      | Reached skill level 1 in Shields
  2718 | D:3      | Reached XP level 5. HP: 16/27 MP: 4/9
  2791 | D:3      | Reached skill level 1 in Evocations
  2821 | D:4      | Reached skill level 5 in Unarmed Combat
  2821 | D:4      | Reached XP level 6. HP: 28/32 MP: 10/10
  2845 | D:4      | Noticed Eustachio
  2960 | D:4      | Killed Eustachio
  2960 | D:4      | Reached skill level 1 in Armour
  2960 | D:4      | Reached XP level 7. HP: 11/35 MP: 4/12
  2994 | D:4      | Noticed Sigmund
  3033 | D:4      | Found a hide-covered altar of Uskayaw.
  3033 | D:4      | Found an ancient bone altar of Kikubaaqudgha.
  3055 | D:4      | Found a white marble altar of Elyvilon.
  3063 | D:4      | Got a crystal trident
  3064 | D:4      | Identified the +5 trident "Luxtuoss" {freeze, Dex+4 Stlth+}
                  | (You found it on level 4 of the Dungeon)
  3096 | D:4      | Found a glowing silver altar of Zin.
  3138 | D:4      | Reached skill level 6 in Unarmed Combat
  3165 | D:4      | Killed Sigmund
  3165 | D:4      | Gained mutation: You have razor-sharp teeth. [Vine Stalker
                  | growth]
  3165 | D:4      | Reached XP level 8. HP: 39/39 MP: 14/14
  3446 | D:4      | Found a stormy altar of Qazlal.
  3586 | D:5      | Entered Level 5 of the Dungeon
  3642 | D:5      | Found a shadowy altar of Dithmenos.
  3986 | D:5      | Reached skill level 7 in Unarmed Combat
  4120 | D:6      | Noticed Menkaure
  4156 | D:6      | Found a sand-covered staircase.
  4165 | Ossuary  | Entered an ossuary
  4165 | Ossuary  | Noticed a wraith
  4165 | Ossuary  | Noticed a wraith
  4165 | Ossuary  | Noticed a wraith
  4418 | Ossuary  | Noticed a wraith
  4447 | Ossuary  | Killed a wraith
  4466 | Ossuary  | Gained mutation: Your body sometimes deteriorates upon
                  | taking damage. [potion of mutation]
  4466 | Ossuary  | Gained mutation: You are frail. (-10% HP) [potion of
                  | mutation]
  4466 | Ossuary  | Gained mutation: You tend to lose your temper in combat.
                  | [potion of mutation]
  4466 | Ossuary  | Gained mutation: You are agile. (Dex +2) [potion of
                  | mutation]
  4467 | Ossuary  | Lost mutation: Your body sometimes deteriorates upon taking
                  | damage. [potion of mutation]
  4467 | Ossuary  | Gained mutation: You are weak. (Str -2) [potion of
                  | mutation]
  4467 | Ossuary  | Lost mutation: You are agile. (Dex +2) [potion of mutation]
  4467 | Ossuary  | Gained mutation: You are clumsy. (Dex -2) [potion of
                  | mutation]
  4467 | Ossuary  | Gained mutation: You are resistant to hostile enchantments.
                  | (MR+) [potion of mutation]
  4468 | Ossuary  | Lost mutation: You are clumsy. (Dex -2) [potion of
                  | mutation]
  4468 | Ossuary  | Lost mutation: You tend to lose your temper in combat.
                  | [potion of mutation]
  4468 | Ossuary  | Lost mutation: You are frail. (-10% HP) [potion of
                  | mutation]
  4468 | Ossuary  | Gained mutation: You heal very quickly. [potion of
                  | mutation]
  4468 | Ossuary  | Lost mutation: You are resistant to hostile enchantments.
                  | (MR+) [potion of mutation]
  4468 | Ossuary  | Gained mutation: You passively map a small area around you.
                  | [potion of mutation]
  4594 | D:6      | Reached XP level 9. HP: 37/43 MP: 13/16
  4601 | D:6      | Killed Menkaure
  4734 | D:6      | Found a staircase to the Ecumenical Temple.
  4828 | D:6      | Reached skill level 8 in Unarmed Combat
  4903 | Temple   | Entered the Ecumenical Temple
  5005 | Temple   | Became a worshipper of Vehumet
  5005 | Temple   | Reached * piety under Vehumet
  5005 | Temple   | Offered knowledge of Magic Dart by Vehumet.
  5005 | Temple   | Reached ** piety under Vehumet
  5022 | D:6      | Learned a level 1 spell: Magic Dart
  5043 | D:6      | Offered knowledge of Sting by Vehumet.
  5052 | D:6      | Reached skill level 5 in Spellcasting
  5139 | D:6      | Noticed Prince Ribbit
  5160 | D:6      | Killed Prince Ribbit
  5211 | D:6      | Got a smoking robe
  5222 | D:6      | Identified the +0 robe of Fashionability {+Inv rPois rF-}
                  | (You found it on level 6 of the Dungeon)
  5527 | D:7      | Found Itohifuz's Food Shoppe.
  5757 | D:7      | Reached XP level 10. HP: 47/47 MP: 19/19
  5808 | D:7      | Offered knowledge of Throw Frost by Vehumet.
  5812 | D:7      | Learned a level 2 spell: Throw Frost
  5878 | D:7      | Reached skill level 9 in Unarmed Combat
  6001 | D:7      | Reached skill level 5 in Evocations
  6037 | D:7      | Reached *** piety under Vehumet
  6136 | D:7      | Reached skill level 5 in Shields
  6755 | D:8      | Noticed an ice statue
  6775 | D:8      | Engulfed by an ice statue's freezing vapour

Levels and vault maps discovered:
D:1:      mrwooster_arrival_statue_2, layout_loops_corners
D:2:      layout_basic, chequers_temple_overflow_statue_of_worship,
          minmay_fractal_squares_gapless_5
D:3:      layout_basic, minmay_misc_feat_alley
D:4:      layout_cave_pools, grunt_temple_overflow_open, lemuel_round_altar,
          first_ration, minmay_misc_feat_doors, minivault_11, uniq_eustachio,
          uniq_sigmund
D:5:      layout_rooms, grunt_dithmenos_smoke_and_mirrors
D:6:      layout_cave_pools, minmay_temple_entry_gardened_gates, serial_park,
          serial_park_avenue1, serial_park_tiny_1, serial_park_tiny_1,
          serial_park_square2, serial_park_tiny_pond, serial_park_tiny_1,
          lightli_ossuary_entry_decrepit_ruins, uniq_menkaure,
          uniq_prince_ribbit1
D:7:      layout_basic, serial_shops, shop
D:8:      minmay_separated_statues, layout_basic
Temple:   dshaligram_water_room_temple

Skill      XL: |  1  2  3  4  5  6  7  8  9 10 |
---------------+-------------------------------+-----
Spellcasting   | 1 2 3 4 5 |  5.9
Unarmed Combat | 4 5 6 7 8 9 |  9.3
Shields        | 1 2 3 4 5 |  5.0
Evocations     | 1 2 3 4 5 |  5.0
Armour         | 1 2 3 4 |  4.1
Fighting       | |  2.6
Dodging        | |  2.4
Stealth        | |  2.4

Action                   |  1- 3 |  4- 6 |  7- 9 | 10-12 || total
-------------------------+-------+-------+-------+-------++-------
Melee: Unarmed           |   101 |   166 |   452 |    87 ||   806
       Bite              |    28 |    47 |   178 |    39 ||   292
       Punch             |     4 |       |       |       ||     4
Evoke: Wand              |       |       |     2 |       ||     2
  Use: Scroll            |       |     6 |    11 |     4 ||    21
       Potion            |       |       |     4 |       ||     4
 Stab: Sleeping          |     7 |     1 |     4 |     1 ||    13
  Eat: Chunk             |     2 |     5 |     9 |     4 ||    20
Armor: Robe              |     5 |     3 |       |       ||     8
       Chain mail        |       |    93 |    21 |       ||   114
       Leather armour    |       |       |    72 |       ||    72
       Scale mail        |       |       |    34 |    32 ||    66
Dodge: Dodged            |    50 |    18 |    81 |    11 ||   160
Block: Large shield      |       |   108 |   281 |    55 ||   444
